 Dungeon Crawl Stone Soup version 0.22-a0-412-g2b68d14 (webtiles) character file.

522 emperorscorpion the Spear-Bearer (level 7, 0/56 HPs)
             Began as a Merfolk Berserker on May 12, 2018.
             Was a Believer of Trog.
             Slain by a gnoll
             ... wielding a +0 flail
              (15 damage)
             ... on level 6 of the Dungeon.
             The game lasted 00:05:07 (2801 turns).

emperorscorpion the Spear-Bearer (MfBe)             Turns: 2801, Time: 00:05:08

Health: 0/56       AC:  2    Str: 19    XL:     7   Next: 22%
Magic:  7/7        EV: 15    Int:  6    God:    Trog [**....]
Gold:   118        SH:  0    Dex: 14    Spells: 6/6 levels left

rFire    + . .     SeeInvis .   a - +0 spear
rCold    + . .     Gourm    .   (no shield)
rNeg     . . .     Faith    .   b - +0 animal skin
rPois    .         Spirit   .   (no helmet)
rElec    .         Reflect  .   k - scarf {rC+ rF+}
rCorr    .         Harm     .   (no gloves)
MR       .....                  (no boots)
Stlth    ++........             n - amulet of regeneration
HPRegen  0.58/turn              (no ring)
MPRegen  0.10/turn              (no ring)

@: lethally poisoned (0 -> 0), berserk cooldown, slowed, very slow
A: change form in water, swift swim, stealthy swim
a: Berserk, Trog's Hand, Renounce Religion


You were on level 6 of the Dungeon.
You worshipped Trog.
Trog was pleased with you.
You were not hungry.

You visited 1 branch of the dungeon, and saw 6 of its levels.

You collected 118 gold pieces.

Inventory:

Hand Weapons
 a - a +0 spear (weapon)
Armour
 b - a +0 animal skin (worn)
 k - a scarf of resistance (worn)
Jewellery
 n - an amulet of regeneration (around neck)
Wands
 e - a wand of disintegration (16)
Scrolls
 d - a scroll of identify
 g - 2 scrolls of teleportation
 m - a scroll of random uselessness {unknown}
Potions
 f - 3 potions of heal wounds
 h - a potion of brilliance
 i - a potion of invisibility
 j - a potion of haste
 l - a potion of agility {unknown}
Comestibles
 c - 4 rations


   Skills:
 + Level 5.1 Fighting
 + Level 8.0 Polearms
 + Level 1.7 Armour
 + Level 5.0 Dodging
 + Level 2.7 Stealth


You had 6 spell levels left.
You didn't know any spells.
Your spell library was empty.

Dungeon Overview and Level Annotations

Branches:
Dungeon (6/15)
 Temple: D:4-7

Altars:
Cheibriados
Elyvilon
Zin
The Shining One


Message History

Aim: a leopard gecko (clinging)
You reach to attack!
You puncture the leopard gecko!
You kill the leopard gecko!
Trog accepts your kill.
Attack whom?
Press: ? - help, Dir - move target cursor, f - you
Okay, then.
You are no longer berserk.
You are exhausted.
You feel yourself slow down.
You feel sick.
There is an escape hatch in the ceiling here.
You see here a leopard gecko corpse.
You butcher the leopard gecko corpse.
You feel sick. The gnoll hits you with a flail!
* * * LOW HITPOINT WARNING * * *
The gnoll completely misses you.
Things that are here:
2 chunks of flesh; a leopard gecko skeleton You closely miss the gnoll.
You feel sick. The gnoll hits you with a flail!
You die...

# ######## ....#....≈≈≈ #
#....<.# #...#....≈≈ #
#...)..####...#....≈ #
#..!.[..##........########
#
#.......##....#.........<#
#
#......÷.#.#.............#
#
#........................#
#
#...........#).#........##
#
#........g@............##
#.......#.#<....##...###
#.......#.#...#.####.#
........#...#..... #..#
.....##.....####.#...###
... #.##.. .... # .. .....
.. ......


You could see a gnoll.

Vanquished Creatures
  A sky beast (D:6)
  An ogre (D:5)
  The ghost of Csabeeboy the Ruffian, an amateur DrMo (D:3)
  A crimson imp (D:6)
  A gnoll shaman (D:6)
  An iguana (D:5)
  2 worker ants
  2 adders
  2 gnolls (D:6)
  3 shadow imps (D:5)
  A dart slug (D:1)
  5 leopard geckos
  2 orcs
  4 giant cockroaches
  5 goblins
  4 hobgoblins
  3 quokkas
  4 bats (D:1)
  5 frilled lizards
  A jackal skeleton (D:6)
  3 kobolds
  6 rats
58 creatures vanquished.

Notes
Turn   | Place    | Note
-------+----------+-------------------------------------------
     0 | D:1      | emperorscorpion the Merfolk Berserker began the quest for the Orb.
     0 | D:1      | Reached XP level 1. HP: 18/18 MP: 1/1
   143 | D:1      | Reached XP level 2. HP: 20/24 MP: 2/2
   581 | D:1      | Reached skill level 5 in Polearms
   765 | D:1      | Reached XP level 3. HP: 23/30 MP: 3/3
  1120 | D:3      | Noticed Csabeeboy's ghost (amateur DrMo)
  1148 | D:3      | Killed Csabeeboy's ghost
  1148 | D:3      | Reached skill level 6 in Polearms
  1148 | D:3      | Reached XP level 4. HP: 16/37 MP: 4/4
  1148 | D:3      | Reached XP level 5. HP: 19/42 MP: 5/5
  1511 | D:3      | Reached ** piety under Trog
  1563 | D:5      | Entered Level 5 of the Dungeon
  1589 | D:5      | Noticed an ogre
  1597 | D:5      | Killed an ogre
  1597 | D:5      | Reached skill level 1 in Stealth
  1747 | D:5      | Reached skill level 7 in Polearms
  1747 | D:5      | Reached XP level 6. HP: 49/49 MP: 6/6
  2002 | D:6      | Found a white marble altar of Elyvilon.
  2002 | D:6      | Found a glowing golden altar of the Shining One.
  2003 | D:6      | Found a glowing silver altar of Zin.
  2035 | D:6      | Found a snail-covered altar of Cheibriados.
  2381 | D:5      | Found a snail-covered altar of Cheibriados.
  2390 | D:6      | Noticed a sky beast
  2401 | D:6      | Killed a sky beast
  2405 | D:6      | Reached skill level 5 in Fighting
  2572 | D:6      | Reached XP level 7. HP: 56/56 MP: 7/7
  2791 | D:6      | Reached skill level 5 in Dodging
  2793 | D:6      | Reached skill level 8 in Polearms
  2801 | D:6      | Slain by a gnoll

Vault maps used:
D:1:      tarquinn_simple_flora_water_a
D:2:      marbit_many_paths, first_ration, grunt_decor_cap, minivault_26,
          minmay_misc_feat_five
D:3:      grunt_temple_overflow_growth_and_decay
D:4:      lemuel_blue_sif_altar, kennysheep_mini_moat
D:5:      kennysheep_mini, basic_altar, minivault_23
D:6:      good_gods_temple_1, lemuel_zombie_altar_yredelemnul, slow_altar_1,
          minmay_temple_entry_statues, portal_sewer_entry_f

Skill      XL: |  1  2  3  4  5  6  7 |
---------------+----------------------+-----
Dodging        | 3 4 5 |  5.0
Polearms       | 5 6 7 8 |  8.0
Fighting       | 4 5 |  5.1
Stealth        | 1 2 |  2.7
Armour         | |  1.7

Action                   |  1- 3 |  4- 6 |  7- 9 || total
-------------------------+-------+-------+-------++-------
Melee: Spear             |    87 |   112 |    33 ||   232
Invok: Berserk           |     2 |     5 |     1 ||     8
  Use: Scroll            |       |     6 |       ||     6
 Stab: Sleeping          |     2 |     2 |       ||     4
       Distracted        |       |     1 |       ||     1
  Eat: Chunk             |     1 |    10 |       ||    11
       Ration            |       |       |     1 ||     1
Armor: Animal skin       |     7 |     5 |       ||    12
Dodge: Dodged            |    21 |    44 |    11 ||    76

Table legend:
 A = Spawn XP
 B = Non-spawn XP
 C = Spawn XP percentage of total XP
 D = Spawn monster count
 E = Non-spawn monster count
 F = Spawn count percentage of total count
 G = Total turns spent on level
                    A         B        C        D         E        F      G
               +---------+---------+-------+---------+---------+-------+---------
         Total |       0 |     746 |   0.0 |       0 |      58 |   0.0 |  2801
               +---------+---------+-------+---------+---------+-------+---------
           D:1 |       0 |      32 |   0.0 |       0 |      20 |   0.0 |  1010
           D:2 |       0 |      22 |   0.0 |       0 |       6 |   0.0 |   208
           D:3 |       0 |     136 |   0.0 |       0 |       8 |   0.0 |   330
           D:5 |       0 |     237 |   0.0 |       0 |       8 |   0.0 |   793
           D:6 |       0 |     319 |   0.0 |       0 |      16 |   0.0 |   328
               +---------+---------+-------+---------+---------+-------+---------
